Map: Hard Lead LE

Players

PiPe

  • Race: Protoss Protoss
  • Spawn Location: 5:00

Subwayeatn - Winner!

  • Race: Zerg Zerg
  • League: Platinum
  • Spawn Location: 11:00

VOD

Have the link to the VOD?

Description

Time

  • Played on: Nov. 10, 2023, 12:21 p.m.
  • Length: 3:09
Show
View Real Time Build Order
Export as new Build Order

PiPe Protoss 

Build Orders:  

Get SALT Encoding   

  12  0:01  Probe  
  13  0:13  Probe  
  14  0:22  Pylon  
  14  0:25  Probe  
  15  0:40  Probe (Chrono Boost)  
  16  0:45  Gateway  
  16  0:52  Assimilator, Probe (Chrono Boost)  
  17  0:57  Probe (Chrono Boost)  
  18  1:07  Probe  
  19  1:19  Probe  
  20  1:31  Probe  
  21  1:34  Cybernetics Core  
  21  1:37  Cybernetics Core  
  21  1:43  Probe  
  22  1:52  Nexus  
  22  1:56  Probe  
  22  2:00  Pylon  
  23  2:17  Stargate  
  23  2:18  Zealot  
  23  2:20  Probe  
  26  2:24  Assimilator  
  26  2:32  Probe  
  27  2:44  Probe  
  28  2:56  Probe, Pylon  
Show
View Real Time Build Order
Export as new Build Order

Subwayeatn Zerg - Winner!

Build Orders: 3 Hatch before Pool 

Get SALT Encoding   

  12  0:00  Drone  
  13  0:14  Drone  
  14  0:33  Hatchery  
  13  0:39  Drone  
  14  1:08  Drone, Hatchery  
  14  1:22  Spawning Pool  
  14  1:25  Drone  
  14  1:28  Extractor  
  14  1:32  Drone  
  14  1:38  Overlord  
  15  2:09  Queen  
  15  2:13  Zergling x2  
  15  2:14  Zergling x2  
  19  2:17  Zergling x8  
  23  2:25  Zergling x4  
  25  2:34  Zergling x4  
  27  2:38  Zergling x4  
  27  2:43  Overlord  
  29  2:48  Zergling x4  
Tags
 
Add a new tag
Caveats
  • Supply blocks, unpowered buildings, or Contaminate may cause inaccurate times.
  • Supply counts are checked every 10 seconds.